 Dungeon Crawl Stone Soup version 0.24.0-37-gcf1ca852f1 (webtiles) character file.

Game seed: 6328363858231561884, levelgen mode: deterministic

96 FishyPogo the Charmwright (level 4, -4/38 HPs)
             Began as a Gnoll Skald on Dec 7, 2019.
             Slain by a gnoll
             ... wielding a +1 halberd of flaming
              (13 damage)
             ... on level 3 of the Dungeon.
             The game lasted 00:04:31 (1448 turns).

FishyPogo the Charmwright (Gnoll Skald)             Turns: 1448, Time: 00:04:31

Health: -4/38      AC:  4    Str: 14    XL:     4   Next: 67%
Magic:  0/11       EV: 14    Int: 16    God:
Gold:   128        SH:  0    Dex: 14    Spells: 2/13 levels left

rFire    . . .     SeeInvis .   a - +0 spear
rCold    . . .     Gourm    .   (no shield)
rNeg     . . .     Faith    +   b - +0 leather armour
rPois    .         Spirit   .   (no helmet)
rElec    .         Reflect  .   (no cloak)
rCorr    .         Harm     .   n - +0 pair of gloves
MR       .....                  (no boots)
Stlth    ++........             r - amulet of faith
HPRegen  0.12/turn              (no ring)
MPRegen  0.12/turn              (no ring)

@: singing, very slightly contaminated
A: distributed training, fangs 1, strong nose
a: no special abilities


You were on level 3 of the Dungeon.
You were hungry.

You visited 1 branch of the dungeon, and saw 3 of its levels.

You collected 128 gold pieces.

Inventory:

Hand Weapons
 a - a +0 spear (weapon)
Missiles
 j - 69 stones (quivered)
Armour
 b - a +0 leather armour (worn)
 n - a +0 pair of gloves (worn)
 p - a cursed +0 robe
Jewellery
 r - an amulet of faith (around neck)
Scrolls
 c - a scroll of blinking {unknown}
 f - 3 scrolls of identify {unknown}
 i - 2 scrolls of enchant armour {unknown}
 m - a scroll of magic mapping {unknown}
 q - 2 scrolls of remove curse {unknown}
Potions
 e - a potion of haste {unknown}
 h - a potion of berserk rage {unknown}
 k - 3 potions of curing {unknown}
 l - a potion of flight {unknown}
 o - a potion of cancellation {unknown}
Comestibles
 d - 2 rations
 g - a chunk of flesh


   Skills:
 + Level 4.6 Fighting
 + Level 1.2 Short Blades
 + Level 1.2 Long Blades
 + Level 1.2 Axes
 + Level 1.2 Maces & Flails
 + Level 4.6 Polearms
 + Level 1.2 Staves
 + Level 1.2 Slings
 + Level 1.2 Bows
 + Level 1.2 Crossbows
 + Level 1.2 Throwing
 + Level 2.8 Armour
 + Level 4.6 Dodging
 + Level 1.2 Stealth
 + Level 1.2 Shields
 + Level 1.2 Unarmed Combat
 + Level 5.1 Spellcasting
 + Level 1.0 Conjurations
 + Level 1.0 Hexes
 + Level 5.5 Charms
 + Level 1.0 Summonings
 + Level 1.0 Necromancy
 + Level 1.0 Translocations
 + Level 1.0 Transmutations
 + Level 1.0 Fire Magic
 + Level 1.0 Ice Magic
 + Level 1.0 Air Magic
 + Level 1.0 Earth Magic
 + Level 1.0 Poison Magic
 + Level 1.3 Invocations
 + Level 1.2 Evocations


You had 2 spell levels left.
You knew the following spells:

 Your Spells              Type           Power        Failure   Level  Hunger
h - Regeneration          Chrm/Necr      ##........   14%         3    ###....
n - Spectral Weapon       Hex/Chrm       ##......     14%         3    ###....
p - Shroud of Golubria    Chrm/Tloc      ##....       8%          2    #......
u - Song of Slaying       Chrm           ###.....     3%          2    #......
y - Infusion              Chrm           ###.         1%          1    None

Your spell library contained the following spells:

 Spells                   Type           Power        Failure   Level  Hunger


Dungeon Overview and Level Annotations

Branches:
Dungeon (3/15)

Altars:
Kikubaaqudgha


Innate Abilities, Weirdness & Mutations

Your experience applies equally to all skills.
You have very sharp teeth.
Your uncanny sense of smell can sniff out nearby items.


Message History

You closely miss the gnoll. Your bite misses the gnoll.
The gnoll hits you with a +0 flail.
* * * LOW HITPOINT WARNING * * *
The gnoll closely misses you.
Casting: Song of Slaying (safe; 3% risk of failure)
Confirm with . or Enter, or press ? or * to list all spells.
You don't have enough magic to cast that spell.
Casting: Song of Slaying (safe; 3% risk of failure)
Confirm with . or Enter, or press ? or * to list all spells.
You miscast Spectral Weapon.
You are very lightly contaminated with residual magic.
Nothing appears to happen.
The gnoll barely misses you. The gnoll closely misses you.
You hit the gnoll.
The gnoll is lightly wounded.
You hit the gnoll.
The gnoll is moderately wounded.
The gnoll misses you.
The gnoll hits you from afar with a +1 halberd of flaming!
You die...

...............########
...........####........
...........#.>........#
.....).....#.##.#......
......###### #†#.#....
...... #h# # ... ....
#g# #. ... #g# .? #@# #
#.# #.# #.. ###


You could see 2 gnolls and a jackal.

Vanquished Creatures
  An iguana (D:3)
  A gnoll (D:3)
  2 worms
  A dart slug (D:2)
  A leopard gecko (D:1)
  An orc (D:3)
  4 bats
  3 giant cockroaches (D:1)
  3 goblins
  6 hobgoblins
  8 jackals
  A ball python (D:2)
  7 frilled lizards
  6 kobolds
  7 rats
52 creatures vanquished.

Vanquished Creatures (others)
  2 spectral weapons (D:3)
2 creatures vanquished.

Grand Total: 54 creatures vanquished

Notes
Turn   | Place    | Note
-------+----------+-------------------------------------------
     0 | D:1      | FishyPogo the Gnoll Skald began the quest for the Orb.
     0 | D:1      | Reached XP level 1. HP: 20/20 MP: 6/6
    63 | D:1      | Reached XP level 2. HP: 21/26 MP: 1/7
    69 | D:1      | Learned a level 2 spell: Song of Slaying
    72 | D:1      | Learned a level 2 spell: Shroud of Golubria
   439 | D:1      | Reached XP level 3. HP: 31/31 MP: 9/9
   444 | D:1      | Learned a level 3 spell: Regeneration
   448 | D:1      | Learned a level 3 spell: Spectral Weapon
   606 | D:1      | Reached skill level 5 in Spellcasting
  1034 | D:2      | Reached skill level 1 in Invocations
  1107 | D:2      | Found an ancient bone altar of Kikubaaqudgha.
  1300 | D:3      | Reached skill level 1 in Short Blades
  1300 | D:3      | Reached skill level 1 in Long Blades
  1300 | D:3      | Reached skill level 1 in Axes
  1300 | D:3      | Reached skill level 1 in Maces & Flails
  1300 | D:3      | Reached skill level 1 in Staves
  1300 | D:3      | Reached skill level 1 in Slings
  1300 | D:3      | Reached skill level 1 in Bows
  1300 | D:3      | Reached skill level 1 in Crossbows
  1300 | D:3      | Reached skill level 1 in Throwing
  1300 | D:3      | Reached skill level 1 in Stealth
  1300 | D:3      | Reached skill level 1 in Shields
  1300 | D:3      | Reached skill level 1 in Unarmed Combat
  1300 | D:3      | Reached skill level 1 in Evocations
  1300 | D:3      | Reached XP level 4. HP: 38/38 MP: 4/11
  1400 | D:3      | Reached skill level 1 in Conjurations
  1400 | D:3      | Reached skill level 1 in Hexes
  1400 | D:3      | Reached skill level 1 in Summonings
  1400 | D:3      | Reached skill level 1 in Necromancy
  1400 | D:3      | Reached skill level 1 in Translocations
  1400 | D:3      | Reached skill level 1 in Transmutations
  1400 | D:3      | Reached skill level 1 in Fire Magic
  1400 | D:3      | Reached skill level 1 in Ice Magic
  1400 | D:3      | Reached skill level 1 in Air Magic
  1400 | D:3      | Reached skill level 1 in Earth Magic
  1400 | D:3      | Reached skill level 1 in Poison Magic
  1448 | D:3      | Slain by a gnoll

Levels and vault maps discovered:
D:1:      wander_arrival_lonely_grave, layout_loops_ring
D:2:      layout_loops_ring, kiku_gazebo_garden_becter, grunt_decor_resistance,
          minmay_tromino_v2
D:3:      layout_basic, chequers_temple_overflow_minitemple

Skill      XL: |  1  2  3  4 |
---------------+-------------+-----
Spellcasting   | 5 |  5.1
Invocations    | 1 |  1.3
Short Blades   | 1 |  1.2
Long Blades    | 1 |  1.2
Axes           | 1 |  1.2
Maces & Flails | 1 |  1.2
Staves         | 1 |  1.2
Slings         | 1 |  1.2
Bows           | 1 |  1.2
Crossbows      | 1 |  1.2
Throwing       | 1 |  1.2
Stealth        | 1 |  1.2
Shields        | 1 |  1.2
Unarmed Combat | 1 |  1.2
Evocations     | 1 |  1.2
Conjurations   | 1 |  1.0
Hexes          | 1 |  1.0
Summonings     | 1 |  1.0
Necromancy     | 1 |  1.0
Translocations | 1 |  1.0
Transmutations | 1 |  1.0
Fire Magic     | 1 |  1.0
Ice Magic      | 1 |  1.0
Air Magic      | 1 |  1.0
Earth Magic    | 1 |  1.0
Poison Magic   | 1 |  1.0
Fighting       | |  4.6
Polearms       | |  4.6
Armour         | |  2.8
Dodging        | |  4.6
Charms         | |  5.5

Action                   |  1- 3 |  4- 6 || total
-------------------------+-------+-------++-------
Melee: Spear             |   134 |    65 ||   199
       Bite              |    13 |     7 ||    20
 Cast: Infusion          |     2 |       ||     2
       Song of Slaying   |     2 |     2 ||     4
       Spectral Weapon   |     3 |     3 ||     6
       Regeneration      |       |     1 ||     1
       Shroud of Golubri |       |     1 ||     1
 Stab: Sleeping          |     4 |     1 ||     5
  Eat: Chunk             |     1 |     1 ||     2
Armor: Leather armour    |    20 |    20 ||    40
Dodge: Dodged            |    53 |    50 ||   103
